 Dungeon Crawl Stone Soup version 0.24.0-13-gcf9b3192b9 (webtiles) character file.

Game seed: 6199580207864325936, levelgen mode: deterministic

14624 Lanoc the Protected (level 11, -5/74 HPs)
             Began as a Minotaur Conjurer on Nov 8, 2019.
             Was a Priest of Elyvilon.
             Killed from afar by an ice statue (12 damage)
             ... with a bolt of cold
             ... in an ice cave.
             The game lasted 00:36:49 (14019 turns).

Lanoc the Protected (Minotaur Conjurer)            Turns: 14019, Time: 00:36:50

Health: -5/74      AC:  9    Str: 16    XL:     11   Next: 91%
Magic:  13/17      EV: 13    Int: 12    God:    Elyvilon [***...]
Gold:   676        SH: 25    Dex: 11    Spells: 11/12 levels left

rFire    + + +     SeeInvis +   G - +0 scimitar (flame)
rCold    + . .     Gourm    .   C - +8 large shield of the Grue {rPois}
rNeg     + . .     Faith    .   h - +0 ring mail
rPois    +         Spirit   .   (helmet restricted)
rElec    +         Reflect  .   (no cloak)
rCorr    +         Harm     .   F - +0 pair of gloves
MR       +....                  (no boots)
Stlth    +.........             k - amulet of the acrobat
HPRegen  0.22/turn              I - ring "Raamp" {rF++ rN+ SInv}
MPRegen  0.15/turn              B - ring of protection from magic

@: resistant
A: retaliatory headbutt, horns 2
a: Lesser Healing, Heal Other, Purification, Divine Protection, Renounce
Religion


You were in an ice cave.
You worshipped Elyvilon.
Elyvilon was most pleased with you.
You were hungry.

You visited 2 branches of the dungeon, and saw 12 of its levels.
You also visited: Ice Cave.

You collected 676 gold pieces.

Inventory:

Hand Weapons
 v - a +2 falchion of electrocution
 G - a +0 scimitar of flaming (weapon)
Missiles
 f - 79 sling bullets
 q - 2 throwing nets
 s - 82 bolts
 z - 5 javelins (quivered)
 J - 4 atropa-tipped darts
Armour
 h - a +0 ring mail (worn)
 r - a +0 chain mail
 C - the +8 large shield of the Grue (worn) {rPois}
   (You found it on level 8 of the Dungeon)

   It protects you from poison.
 F - a +0 pair of gloves (worn)
Jewellery
 k - an amulet of the acrobat (around neck)
 B - a ring of protection from magic (right hand)
 I - the ring "Raamp" (left hand) {rF++ rN+ SInv}
   (You found it on level 10 of the Dungeon)

   [ring of positive energy]

   It greatly protects you from fire.
   It protects you from negative energy.
   It lets you see invisible.
Wands
 e - a wand of flame (21)
 x - a wand of disintegration (9)
 E - a wand of paralysis (7)
 H - a wand of acid (7)
Scrolls
 b - 3 scrolls of fear
 i - 2 scrolls of enchant weapon
 l - a scroll of teleportation
 m - a scroll of identify
 n - 7 scrolls of remove curse
 o - a scroll of magic mapping
 u - a scroll of fog
 y - 2 scrolls of amnesia
Potions
 g - 2 potions of cancellation
 t - a potion of flight
 w - a potion of mutation
 D - 2 potions of curing
Comestibles
 a - 2 chunks of flesh
 c - 17 rations


   Skills:
 + Level 11.6 Armour
 + Level 10.9 Dodging
 - Level 1.5 Stealth
 * Level 11.4 Shields
 - Level 1.3 Spellcasting
 - Level 2.9 Conjurations
 + Level 9.5 Invocations


You had 11 spell levels left.
You knew the following spells:

 Your Spells              Type           Power        Failure   Level  Hunger
a - Magic Dart            Conj           #...         63%         1    ##.....

Your spell library contained the following spells:

 Spells                   Type           Power        Failure   Level  Hunger
 Searing Ray              Conj           #.....       77%         2    ###....
 Animate Skeleton         Necr           N/A          95%         1    ##.....
 Apportation              Tloc           #.....       95%         1    ##.....
 Confusing Touch          Hex            #.....       95%         1    ##.....
 Summon Small Mammal      Summ           #...         95%         1    ##.....
 Dazzling Spray           Conj/Hex       #.....       99%         3    ####...
 Force Lance              Conj/Tloc      #.......     100%        4    #####..
 Fulminant Prism          Conj/Hex       #.........   100%        4    #####..
 Iskenderun's Mystic Bla  Conj           #.......     100%        4    #####..


Dungeon Overview and Level Annotations

Branches:
Dungeon (11/15)            Temple (1/1) D:7            Lair (0/6) D:11
    Orc (0/2) D:11          IceCv (1/1)

Altars:
Ashenzari
Elyvilon
Gozag
Hepliaklqana
Makhleb
Nemelex Xobeh
Okawaru
Qazlal
Ru
Sif Muna
Trog
Uskayaw
Vehumet
Wu Jian
Yredelemnul

Shops:
D:11 [(

Annotations:
IceCv exclusion: ice statue


Innate Abilities, Weirdness & Mutations

You reflexively headbutt those who attack you in melee.
You have a pair of horns on your head.


Message History

Unknown command.
You feel protected.
You are engulfed in freezing vapours.
You resist.
* * * LOW HITPOINT WARNING * * *
You block the ice beast's attack.
The ice statue glitters chillingly in the dim dungeon light.
The ice statue gestures at you. You block the shard of ice.
You block the ice beast's attack.
You are healed.
You feel somewhat more hungry.
You are engulfed in freezing vapours.
You resist.
* * * LOW HITPOINT WARNING * * *
You block the ice beast's attack. The ice beast closely misses you.
You riposte.
You barely miss the ice beast.
The ice beast is heavily wounded.
You are healed.
You feel somewhat more hungry.
You are engulfed in freezing vapours.
You resist.
* * * LOW HITPOINT WARNING * * *
The ice statue gestures at you. The bolt of cold hits you! You resist.
You die...

#..## ######## ##.##
##....#.####.÷###
##..#.÷.).##..##.#
#..####..##.°##.#.
#°.###..##°°≈.#°.#
##Y°.##..###○°#°##.
##.8Y##...####..####
#.Y@####...####..##
###.# ###...##...#
○#° ##...##..# ○○ ##
##......# ###
###...## #####


You could see an ice statue and 3 ice beasts.

Vanquished Creatures
  Harold (D:11)
  Erica (D:9)
  3 two-headed ogres
  Pikel (D:4)
  A cyclops (D:7)
  3 centaur zombies (D:7)
  4 gargoyles (D:10)
  The ghost of Daviar the Slasher, a novice DsGl (D:5)
  4 centaur skeletons (D:7)
  A hellwing (D:7)
  2 polar bears (IceCv)
  Prince Ribbit (D:8)
  A hippogriff (D:7)
  2 wyverns
  8 yaks
  Edmund (D:4)
  2 water moccasins
  5 ice beasts
  3 black bears
  An eye of draining (D:10)
  4 sky beasts
  An orc warrior (D:8)
  A phantom (D:9)
  2 ogres
  5 wolves (IceCv)
  A crocodile (D:10)
  A big kobold (D:9)
  2 bullfrogs (D:9)
  A wyvern zombie (D:4)
  A gnoll sergeant (D:10)
  10 killer bees
  8 wights
  3 howler monkeys (D:8)
  2 jellies
  4 crimson imps
  3 bullfrog zombies
  2 hounds
  6 orc priests
  4 bullfrog skeletons
  8 orc wizards
  An iguana (D:7)
  6 worker ants
  A killer bee zombie (D:7)
  2 hound skeletons
  A howler monkey zombie (D:10)
  5 gnolls (D:10)
  7 adders
  A howler monkey skeleton (D:9)
  10 shadow imps
  2 oozes
  2 adder skeletons
  4 worms
  A dart slug (D:3)
  7 leopard geckos
  48 orcs
  A ball python (D:2)
  9 giant cockroaches
  4 goblins
  5 hobgoblins (D:1)
  7 jackals
  A quokka (D:9)
  8 bats
  15 frilled lizards
  11 kobolds
  3 rats
277 creatures vanquished.

Vanquished Creatures (others)
  2 yaks (IceCv)
  A wolf (IceCv)
  3 orcs
  2 quokkas
  A fungus (D:11)
9 creatures vanquished.

Grand Total: 286 creatures vanquished

Notes
Turn   | Place    | Note
-------+----------+-------------------------------------------
     0 | D:1      | Lanoc the Minotaur Conjurer began the quest for the Orb.
     0 | D:1      | Reached XP level 1. HP: 14/14 MP: 1/1
   198 | D:1      | Reached skill level 1 in Armour
   489 | D:1      | Reached XP level 2. HP: 20/20 MP: 3/3
  1488 | D:2      | Found a white marble altar of Elyvilon.
  1524 | D:2      | Became a worshipper of Elyvilon the Healer
  1535 | D:2      | Reached XP level 3. HP: 18/26 MP: 4/4
  2234 | D:2      | Reached skill level 1 in Invocations
  2260 | D:3      | Reached XP level 4. HP: 33/33 MP: 5/5
  2302 | D:3      | Reached * piety under Elyvilon
  2847 | D:3      | Reached XP level 5. HP: 38/38 MP: 6/6
  3304 | D:4      | Reached XP level 6. HP: 40/45 MP: 7/7
  3311 | D:4      | Found a burning altar of Makhleb.
  3324 | D:4      | Noticed Edmund
  3352 | D:4      | Killed Edmund
  3581 | D:4      | Reached skill level 5 in Dodging
  3628 | D:4      | Reached skill level 5 in Armour
  3729 | D:4      | Reached XP level 7. HP: 35/50 MP: 8/8
  4288 | D:4      | Reached ** piety under Elyvilon
  4301 | D:4      | Noticed Pikel
  4375 | D:4      | Killed Pikel
  4375 | D:4      | Reached XP level 8. HP: 30/57 MP: 8/10
  4568 | D:4      | Found a sacrificial altar of Ru.
  4569 | D:4      | Found a hazy altar of Hepliaklqana.
  4570 | D:4      | Found a shimmering blue altar of Sif Muna.
  4571 | D:4      | Found a hide-covered altar of Uskayaw.
  4573 | D:4      | Found a shattered altar of Ashenzari.
  4573 | D:4      | Found a sparkling altar of Nemelex Xobeh.
  4574 | D:4      | Found a basalt altar of Yredelemnul.
  4669 | D:5      | Entered Level 5 of the Dungeon
  4694 | D:5      | Found a radiant altar of Vehumet.
  4724 | D:5      | Reached skill level 5 in Invocations
  4870 | D:5      | Found a large runed translucent door.
  4873 | D:5      | Got an ichor-stained whip
  4874 | D:5      | Identified the +1 whip "Qeqier" {protect, rElec Str+2
                  | Stlth-} (You found it on level 5 of the Dungeon)
  4880 | D:5      | Found a large runed translucent door.
  4882 | D:5      | Noticed Daviar's ghost (novice DsGl)
  5071 | D:5      | Reached skill level 1 in Shields
  5097 | D:5      | Found an iron altar of Okawaru.
  5417 | D:5      | Killed Daviar's ghost
  5836 | D:6      | Reached *** piety under Elyvilon
  5866 | D:6      | HP: 2/57 [something/puff of flame (10)]
  6159 | D:6      | Reached XP level 9. HP: 37/62 MP: 12/12
  6285 | D:6      | Found a stormy altar of Qazlal.
  6769 | D:6      | Found a bloodstained altar of Trog.
  7212 | D:7      | Reached skill level 5 in Shields
  7366 | D:7      | Reached **** piety under Elyvilon
  7752 | D:7      | Reached XP level 10. HP: 65/69 MP: 14/14
  8381 | D:8      | Got a faintly glowing large shield
  8392 | D:8      | Identified the +8 large shield of the Grue {rPois} (You
                  | found it on level 8 of the Dungeon)
  8636 | D:8      | Noticed Prince Ribbit
  8695 | D:8      | Killed Prince Ribbit
  8789 | D:8      | Noticed a two-headed ogre
  8948 | D:7      | Reached skill level 10 in Armour
  9177 | D:7      | Noticed a cyclops
  9363 | D:7      | Killed a cyclops
  9754 | D:7      | Found a staircase to the Ecumenical Temple.
  9763 | Temple   | Entered the Ecumenical Temple
 10032 | D:8      | Killed a two-headed ogre
 10312 | D:8      | Found a white marble altar of Elyvilon.
 10537 | D:9      | Reached XP level 11. HP: 62/74 MP: 16/16
 10583 | D:9      | Reached skill level 10 in Dodging
 10806 | D:9      | Noticed a two-headed ogre
 10811 | D:9      | Got a faintly glowing mace
 10812 | D:9      | Identified the +5 mace "Bales" {pain, Stlth+} (You found it
                  | on level 9 of the Dungeon)
 10856 | D:9      | Killed a two-headed ogre
 11298 | D:10     | Entered Level 10 of the Dungeon
 11298 | D:10     | Noticed Erica
 11318 | D:9      | Killed Erica
 11340 | D:10     | Noticed a two-headed ogre
 11355 | D:10     | Killed a two-headed ogre
 11355 | D:10     | Reached skill level 10 in Shields
 11567 | D:10     | Reached ***** piety under Elyvilon
 12272 | D:10     | Got a bound iron ring
 12336 | D:10     | Identified the ring "Raamp" {rF++ rN+ SInv} (You found it
                  | on level 10 of the Dungeon)
 12873 | D:11     | Noticed Harold
 12889 | D:11     | Killed Harold
 12894 | D:11     | Found Kojae's Weapon Shoppe.
 12895 | D:11     | Found a staircase to the Orcish Mines.
 12897 | D:11     | Found Qothyjamm's Armour Shoppe.
 12939 | D:11     | Found a frozen archway.
 12962 | IceCv    | Entered an ice cave
 13600 | IceCv    | HP: 1/74 [something (22)]
 14017 | IceCv    | HP: 2/74 [ice statue] (9)]
 14019 | IceCv    | Killed from afar by an ice statue

Levels and vault maps discovered:
D:1:      minmay_arrival_hallway, layout_basic, minmay_lizard_pond
D:2:      layout_rooms, lemuel_crystal_altar, kennysheep_boxes
D:3:      layout_rooms
D:4:      layout_basic, lemuel_crystal_altar, grunt_temple_overflow_open,
          uniq_edmund, uniq_pikel
D:5:      layout_rooms, vehumet_crystals, kennysheep_little_box,
          ebering_ghost_disaster_area, first_ration, minmay_stone_trees_small
D:6:      layout_gridville, lemuel_doored_altar, trog_ov_bears_minmay
D:7:      cheibrodos_grave_circle, layout_cave_pools,
          minmay_temple_entry_enclosed_plants, serial_co_window_serial,
          co_window_of_opportunity_a, co_window_of_opportunity_a,
          co_window_paths_b, co_window_corner_a, co_window_corner_a,
          co_window_cross_1, co_window_paths_a, co_window_paths_b,
          co_window_of_opportunity_a, co_window_corner_b,
          co_window_unsneaky_path_d, co_window_of_opportunity_b,
          glass_columns_b, glass_columns_a, glass_columns_c, glass_columns_b,
          the_bakery
D:8:      layout_basic, grunt_ministairs_9, elyvilon_altar_4,
          uniq_prince_ribbit1
D:9:      layout_cave_pods
D:10:     cheibrodos_statue_roulette, layout_cave_pods, serial_column_ruins,
          column_ruins_open_tiny, column_ruins_corridor_straight,
          column_ruins_corridor_corner, column_ruins_corridor_straight,
          column_ruins_open_tiny, column_ruins_grid_3,
          column_ruins_open_small_water, uniq_erica
D:11:     layout_basic, grunt_lair_entry_orc_guard_hut, orc_david_3,
          portal_ice_cave_rime, uniq_harold
Temple:   compressed_dpeg_triangle_lava_temple
IceCv:    ice_cave_caverns_02

Skill      XL: |  1  2  3  4  5  6  7  8  9 10 11 |
---------------+----------------------------------+-----
Armour         | 1 2 3 4 5 6 7 9 10 11 | 11.6
Dodging        | 3 4 5 6 7 8 9 10 | 10.9
Invocations    | 1 2 3 4 6 7 8 9 |  9.5
Shields        | 3 6 9 11 | 11.4
Stealth        | |  1.5
Spellcasting   | |  1.3
Conjurations   | |  2.9

Action                   |  1- 3 |  4- 6 |  7- 9 | 10-12 || total
-------------------------+-------+-------+-------+-------++-------
Melee: Unarmed           |    18 |       |       |       ||    18
       Headbutt          |    23 |    41 |   117 |   215 ||   396
       Club              |   126 |    36 |       |       ||   162
       Dagger            |       |   152 |   531 |   372 ||  1055
       Whip              |       |       |     1 |       ||     1
       Falchion          |       |       |       |   460 ||   460
       Scimitar          |       |       |       |     4 ||     4
Throw: Javelin           |     5 |       |     5 |     2 ||    12
Invok: Lesser Healing    |       |       |     7 |     3 ||    10
       Greater Healing   |       |       |       |    12 ||    12
       Divine Protection |       |       |       |     1 ||     1
Evoke: Wand              |       |       |       |    12 ||    12
  Use: Scroll            |       |       |    15 |     8 ||    23
       Potion            |       |       |     5 |    10 ||    15
 Stab: Sleeping          |     1 |       |     1 |     4 ||     6
       Invisible         |       |       |     3 |       ||     3
  Eat: Chunk             |     4 |     5 |    11 |    16 ||    36
       Ration            |       |       |     1 |     3 ||     4
Armor: Robe              |    11 |       |       |       ||    11
       Ring mail         |    53 |    42 |   113 |   114 ||   322
Dodge: Dodged            |   110 |   109 |   187 |   338 ||   744
Block: Shield            |       |       |   150 |    57 ||   207
       Large shield      |       |       |       |  1071 ||  1071
       Rpst.: Falchion   |       |       |       |    51 ||    51
       Scimitar          |       |       |       |     3 ||     3
